Map: Emerald City LE

Players

qqq - Winner!

  • Race: Zerg Zerg
  • Spawn Location: 5:00

Massa - Winner!

  • Race: Terran Terran
  • League: Platinum
  • Spawn Location: 5:00

Enemy

  • Race: Protoss Protoss
  • League: Platinum
  • Spawn Location: 11:00

teranko

  • Race: Terran Terran
  • Spawn Location: 11:00

VOD

Have the link to the VOD?

Description

Time

  • Played on: Nov. 15, 2020, 12:40 p.m.
  • Length: 14:59
Show
View Real Time Build Order
Export as new Build Order

qqq Zerg - Winner!

Build Orders: Hatch First 

Get SALT Encoding   

  12  0:01  Drone  
  13  0:17  Drone  
  14  0:39  Hatchery  
  13  0:44  Drone  
  13  0:49  Overlord  
  14  1:05  Extractor  
  14  1:06  Drone  
  14  1:07  Drone  
  14  1:09  Drone  
  16  1:30  Spawning Pool  
  15  1:45  Drone x3  
  18  2:12  Drone x2  
  19  2:15  Drone  
  19  2:16  Drone x2  
  22  2:26  Queen  
  24  2:42  Hatchery  
  23  2:53  Drone  
  23  2:54  Zergling x4  
  23  2:57  Zergling x2  
  27  3:03  Metabolic Boost  
  27  3:19  Zergling x2  
  27  3:35  Drone  
  27  3:38  Extractor  
  26  3:57  Zergling x4  
  25  4:07  Lair  
  25  4:13  Drone x3  
  25  4:15  Drone x2  
  30  4:28  Drone x2  
  30  4:30  Zergling x2  
  30  4:31  Overlord x2  
  30  4:43  Spine Crawler  
  30  4:44  Queen  
  31  4:51  Zergling x2  
  30  4:53  Zergling x2  
  28  5:02  Zergling x2  
  29  5:13  Drone x3  
  30  5:21  Spire  
  27  5:22  Queen  
  27  5:23  Zergling x2  
  27  5:24  Zergling x2  
  28  5:43  Zergling x8  
  31  5:54  Drone x3  
  34  6:11  Zergling x8  
  34  6:12  Zergling x4  
  34  6:13  Zergling x2  
  37  6:31  Drone x2  
  39  6:34  Mutalisk x3  
  39  6:37  Extractor  
  43  6:50  Mutalisk x2  
  43  6:51  Drone  
  43  6:52  Drone  
  49  6:58  Overlord  
  49  7:06  Overlord  
  46  7:25  Mutalisk x4  
  46  7:26  Mutalisk  
  46  7:28  Drone  
  57  7:30  Drone  
  57  7:34  Drone  
  57  7:35  Drone  
  60  7:40  Zerg Flyer Weapons Level 1  
  58  7:50  Drone x4  
  61  8:11  Corruptor  
  63  8:14  Drone x3  
  60  8:28  Mutalisk  
  60  8:29  Drone x4  
  66  8:54  Overlord x3  
  66  8:59  Extractor  
  66  9:01  Extractor  
  64  9:09  Mutalisk  
  64  9:10  Hatchery  
  64  9:11  Mutalisk  
  64  9:12  Mutalisk  
  64  9:14  Drone x4  
  71  9:26  Corruptor  
  73  9:37  Overseer  
  73  9:48  Corruptor  
  73  9:50  Drone x4  
  73  9:51  Drone x2  
  77  10:03  Mutalisk x2  
  79  10:18  Hatchery  
  78  10:23  Mutalisk x2  
  82  10:35  Corruptor  
  84  10:36  Mutalisk  
  84  10:37  Drone x4  
  84  10:38  Drone  
  89  10:45  Mutalisk  
  87  11:00  Mutalisk x2  
  87  11:03  Overlord x2  
  89  11:14  Overlord x2  
  89  11:19  Infestation Pit  
  89  11:22  Spore Crawler  
  89  11:23  Spore Crawler  
  86  11:27  Mutalisk x2  
  90  11:41  Drone x6  
  90  11:44  Extractor  
  95  11:47  Extractor, Mutalisk x3  
  95  11:49  Overlord  
  95  11:50  Drone x2  
  95  11:51  Overlord  
  102  11:55  Extractor, Drone  
  102  11:56  Drone x2  
  102  11:57  Mutalisk  
  102  11:59  Extractor  
  105  12:03  Zerg Flyer Armor Level 1  
  105  12:05  Corruptor  
  105  12:08  Overlord  
  107  12:09  Drone x3  
  110  12:21  Extractor, Drone x3  
  112  12:29  Corruptor x4  
  104  12:45  Mutalisk x2, Corruptor  
  104  12:46  Corruptor  
  104  12:47  Drone  
  104  12:48  Drone x8  
  121  12:52  Hive  
  121  12:59  Mutalisk  
  121  13:00  Corruptor  
  121  13:02  Mutalisk  
  127  13:06  Drone x3  
  127  13:09  Queen  
  132  13:13  Drone x2  
  132  13:14  Drone  
  135  13:20  Overlord  
  135  13:23  Mutalisk, Corruptor  
  137  13:41  Mutalisk x4  
  135  13:46  Drone x4  
  135  13:47  Drone x5  
  152  13:48  Spore Crawler  
  152  13:50  Spore Crawler  
  152  13:54  Queen  
  152  13:57  Mutalisk x2  
  152  13:58  Mutalisk  
  158  14:05  Overlord x2  
  158  14:06  Overlord  
  158  14:07  Overlord  
  158  14:13  Hatchery, Overlord x3  
  157  14:23  Viper x2  
  163  14:29  Viper x3  
Show
View Real Time Build Order
Export as new Build Order

Massa Terran - Winner!

Build Orders:  

Get SALT Encoding   

  12  0:00  SCV  
  13  0:12  SCV  
  14  0:21  Supply Depot  
  14  0:25  SCV  
  15  0:31  Refinery  
  15  0:43  SCV  
  15  0:44  Barracks  
  16  0:55  SCV  
  17  1:07  SCV  
  18  1:11  Refinery  
  18  1:19  SCV  
  19  1:31  SCV  
  20  1:44  SCV  
  21  1:49  Reaper  
  22  2:09  SCV  
  23  2:15  Factory  
  23  2:27  Supply Depot  
  23  2:32  Marine  
  23  2:50  Marine  
  23  2:51  Barracks  
  24  3:06  Factory Tech Lab  
  24  3:11  Bunker  
  24  3:28  Siege Tank  
  27  3:35  Refinery  
  27  3:36  Orbital Command  
  27  3:37  Refinery  
  27  3:42  Marine  
  27  3:46  Marine  
  28  3:59  Marine  
  29  4:04  Marine  
  29  4:39  Barracks Tech Lab  
  29  4:40  Marine  
  30  4:47  Supply Depot  
  30  4:58  Marine  
  31  5:09  Siege Tank  
  31  5:10  Marauder  
  34  5:17  Command Center  
  35  5:22  Barracks  
  35  5:23  SCV  
  36  5:31  Marauder  
  36  5:35  SCV  
  38  5:36  Stimpack  
  38  6:02  Marine  
  39  6:29  Marauder, Marine  
  42  6:37  Supply Depot  
  42  6:38  Supply Depot  
  42  6:39  Supply Depot  
  42  6:47  Marine  
  42  6:51  Marauder  
  45  7:04  Marine, Supply Depot x3  
  45  7:05  Orbital Command  
  46  7:11  Siege Tank  
  46  7:13  Barracks Reactor  
  49  7:18  Marauder  
  49  7:22  Marine  
  52  7:30  SCV  
  52  7:32  SCV  
  54  7:38  Marine  
  54  7:40  Marine  
  54  7:43  Starport, SCV  
  57  7:44  SCV  
  58  7:55  SCV  
  58  7:57  SCV, Marauder  
  62  8:05  Marine x2  
  62  8:06  Marine  
  62  8:07  SCV  
  62  8:10  SCV  
  67  8:14  Combat Shield  
  67  8:18  Cyclone, Marauder  
  67  8:19  SCV  
  73  8:22  SCV  
  73  8:23  Marine x2  
  77  8:31  SCV  
  78  8:36  Barracks Reactor  
  78  8:40  SCV, Marauder  
  78  8:41  Marine x2  
  80  8:43  SCV  
  83  8:50  Cyclone  
  83  8:52  SCV  
  83  8:55  SCV  
  88  8:59  Marine  
  88  9:01  Marauder  
  91  9:04  SCV  
  79  10:03  Marauder, Marine x2  
  79  10:04  Marine  
  75  10:20  Marine  
  75  10:21  Marine x3  
  75  10:25  Marauder  
  80  10:37  SCV x2  
  80  10:38  Marine  
  80  10:39  Marine x2  
  85  10:46  Marauder  
  85  10:49  SCV x2  
  79  11:01  SCV x2  
  79  11:03  Cyclone  
  82  11:08  Marauder  
  84  11:13  Refinery, SCV x2  
  84  11:16  Command Center  
  86  11:19  Starport Reactor  
  86  11:20  Command Center  
  86  11:23  Factory  
  86  11:25  SCV x2  
  86  11:27  Engineering Bay  
  86  11:29  Armory, Marauder  
  86  11:32  Engineering Bay  
  90  11:36  Cyclone  
  90  11:37  SCV  
  90  11:38  Barracks  
  94  11:41  Marine x2  
  94  11:42  Marine x2  
  94  11:44  Concussive Shells  
  98  11:50  Marauder  
  100  11:56  Medivac  
  102  12:07  Supply Depot  
  102  12:09  Supply Depot  
  102  12:10  Supply Depot  
  102  12:11  Supply Depot x2  
  102  12:15  Factory Tech Lab  
  102  12:28  Marauder, Marine x4, Medivac x2, Siege Tank  
  115  12:33  Supply Depot  
  115  12:34  Supply Depot  
  115  12:35  Supply Depot  
  115  12:36  Cyclone, Supply Depot  
  118  12:38  Mag-Field Accelerator  
  118  12:44  SCV x2  
  118  12:45  Marine x4  
  118  12:50  Marauder  
  126  12:56  SCV x2  
  126  12:58  Medivac, Supply Depot x2  
  130  13:02  Missile Turret, Supply Depot  
  130  13:08  Cyclone, SCV x2  
  130  13:11  Marauder  
  137  13:13  Missile Turret  
  137  13:14  Orbital Command  
  137  13:20  SCV  
  137  13:21  SCV  
  137  13:23  Refinery, Marine x2  
  137  13:25  Refinery  
  141  13:32  SCV, Marauder  
  141  13:33  SCV  
  145  13:34  Missile Turret  
  145  13:41  SCV  
  145  13:45  SCV x2  
  148  13:53  SCV  
  148  13:54  Marauder  
  151  13:55  Missile Turret  
  151  13:57  SCV x2  
  151  13:59  Missile Turret  
  151  14:01  Missile Turret  
  153  14:04  Medivac x2  
  153  14:05  Marine x3  
  153  14:06  Marine x2  
  162  14:14  Supply Depot  
  162  14:15  Marauder  
  162  14:17  Supply Depot  
  164  14:20  Refinery  
  164  14:23  Refinery, Marine x5  
  167  14:36  Marauder, Supply Depot  
  167  14:37  Command Center  
  169  14:41  SCV x3, Supply Depot  
Show
View Real Time Build Order
Export as new Build Order

Enemy Protoss 

Build Orders:  

Get SALT Encoding   

  12  0:00  Probe  
  13  0:13  Probe  
  14  0:21  Pylon  
  14  0:39  Forge  
  14  0:44  Probe (Chrono Boost)  
  15  0:55  Probe (Chrono Boost)  
  16  1:00  Probe (Chrono Boost)  
  17  1:17  Pylon  
  17  1:36  Photon Cannon  
  17  1:39  Photon Cannon, Pylon  
  17  1:42  Pylon  
  17  1:45  Pylon  
  17  2:01  Photon Cannon  
  17  2:05  Photon Cannon  
  17  2:08  Pylon  
  17  2:29  Photon Cannon  
  17  2:31  Photon Cannon  
  16  2:53  Pylon  
  16  2:57  Probe (Chrono Boost)  
  17  3:01  Assimilator  
  17  3:03  Assimilator  
  18  3:07  Probe (Chrono Boost), Pylon  
  18  3:11  Probe (Chrono Boost)  
  18  3:19  Photon Cannon  
  19  3:23  Probe, Photon Cannon  
  20  3:34  Photon Cannon  
  20  3:35  Probe  
  20  3:36  Photon Cannon  
  20  3:41  Pylon  
  21  3:59  Photon Cannon  
  21  4:03  Pylon  
  20  4:25  Gateway  
  20  5:10  Probe  
  21  5:19  Cybernetics Core  
  21  5:22  Probe  
  22  5:34  Probe  
  23  5:46  Probe  
  24  5:58  Probe  
  25  6:04  Stargate x2  
  25  6:08  Stargate  
  25  6:10  Probe  
  26  6:20  Nexus  
  26  6:22  Probe, Assimilator  
  26  6:24  Assimilator  
  26  6:25  Pylon  
  27  6:35  Probe  
  27  6:37  Pylon  
  27  6:39  Pylon  
  28  6:46  Protoss Air Weapons Level 1 (Chrono Boost)  
  28  6:47  Probe  
  29  6:59  Probe  
  29  7:01  Fleet Beacon  
  30  7:11  Probe  
  30  7:13  Void Ray  
  35  7:23  Probe  
  35  7:29  Photon Cannon  
  36  7:30  Void Ray  
  36  7:31  Photon Cannon  
  36  7:35  Probe  
  41  7:41  Void Ray  
  41  7:47  Probe  
  46  7:58  Void Ray (Chrono Boost)  
  44  8:24  Void Ray (Chrono Boost)  
  44  8:29  Photon Cannon  
  46  8:41  Photon Cannon  
  46  8:53  Void Ray (Chrono Boost)  
  50  9:15  Void Ray (Chrono Boost)  
  54  9:41  Pylon  
  54  9:53  Void Ray (Chrono Boost)  
  62  10:07  Void Ray (Chrono Boost)  
  62  10:40  Pylon  
  62  10:42  Pylon  
  62  10:44  Pylon  
  62  10:51  Void Ray (Chrono Boost)  
  62  11:05  Void Ray x2 (Chrono Boost)  
  66  11:21  Void Ray  
  70  11:45  Pylon  
  70  11:48  Pylon  
  70  11:50  Pylon  
  70  11:52  Nexus  
  70  11:57  Void Ray  
  70  12:01  Pylon  
  74  12:12  Shield Battery  
  74  12:13  Shield Battery  
  74  12:15  Shield Battery  
  74  12:16  Forge  
  74  12:17  Shield Battery  
  74  12:28  Void Ray x2  
  82  12:43  Void Ray  
  82  12:59  Pylon  
  82  13:08  Photon Cannon  
  82  13:13  Photon Cannon  
  81  13:39  Void Ray x3  
  93  13:55  Shield Battery  
  93  13:56  Shield Battery  
  93  14:08  Assimilator  
Show
View Real Time Build Order
Export as new Build Order

teranko Terran 

Build Orders:  

Get SALT Encoding   

  12  0:01  SCV  
  13  0:15  SCV  
  14  0:24  Supply Depot  
  14  0:30  SCV  
  15  0:46  SCV  
  15  0:49  Barracks  
  16  0:58  SCV  
  17  1:05  Barracks  
  17  1:10  SCV  
  18  1:21  Refinery  
  18  1:23  SCV  
  18  1:24  Refinery  
  19  1:36  Marine  
  20  1:47  SCV  
  20  1:50  Supply Depot  
  21  2:00  Reaper  
  22  2:09  Reaper  
  22  2:10  Orbital Command  
  23  2:28  Barracks  
  23  2:33  Reaper  
  24  2:42  SCV  
  25  2:44  Reaper  
  26  2:53  Factory  
  26  2:54  Supply Depot  
  24  3:27  Reaper  
  24  3:28  Reaper x2  
  27  4:00  Reaper x3  
  28  4:40  Reaper x2  
  28  4:41  Reaper  
  31  5:03  SCV  
  32  5:12  Reaper  
  33  5:15  SCV  
  34  5:26  Reaper x2  
  34  5:27  SCV  
  37  5:29  Factory Tech Lab  
  37  5:34  Starport  
  37  5:41  Starport  
  37  5:45  Reaper  
  37  6:13  Siege Tank  
  38  6:24  Starport Tech Lab x2  
  38  6:37  Command Center  
  36  7:03  Banshee  
  36  7:05  Cloaking Field  
  39  7:11  Supply Depot  
  39  7:14  Barracks Tech Lab x2  
  34  7:22  Marine  
  31  7:36  Marine x2  
  33  7:40  Marine, Engineering Bay  
  34  7:52  Refinery  
  34  7:53  Marine  
  32  7:58  Marine  
  32  8:04  Marine  
  31  8:07  Widow Mine  
  31  8:11  Marine  
  33  8:13  Missile Turret  
  33  8:16  Marine  
  34  8:22  Marine  
  32  8:29  Marine  
  32  8:34  Marine  
  33  8:35  Widow Mine  
  33  8:40  Marine  
  36  8:47  Marine  
  35  8:52  Marine  
  35  8:53  Stimpack  
  34  8:58  Marine  
  34  9:02  Bunker  
  35  9:05  Marine  
  35  9:08  Siege Tank  
  35  9:09  Marine  
  6  11:44  Orbital Command  
  6  12:11  SCV  
  7  12:23  SCV  
  8  12:35  SCV  
  9  12:47  SCV  
  10  12:59  SCV  
  11  13:11  SCV  
  12  13:16  Factory  
  12  13:24  SCV  
  13  13:36  SCV  
  14  13:48  SCV  
  15  14:00  SCV  
  15  14:02  Factory Reactor  
  16  14:03  Armory  
  16  14:12  SCV  
Tags
 
Add a new tag
Caveats
  • Supply blocks, unpowered buildings, or Contaminate may cause inaccurate times.
  • Supply counts are checked every 10 seconds.